 Dungeon Crawl Stone Soup version 0.31-a0-799-g6bc09d010c (webtiles) character file.

Game seed: 206212630473738289

262 CoinPitGoblin the Chiller (level 6, 0/43 HPs)
             Began as a Merfolk Ice Elementalist on Sept 15, 2023.
             Slain by a wight
             ... wielding a +3 flail
              (11 damage)
             ... on level 3 of the Dungeon on Sept 19, 2023.
             The game lasted 00:12:43 (4451 turns).

CoinPitGoblin the Chiller (MfIE)                    Turns: 4451, Time: 00:12:43

Health: 0/43       AC:  3    Str:  8    XL:     6   Next: 18%
Magic:  2/11       EV: 13    Int: 17    God:
Gold:   309        SH:  0    Dex: 14    Spells: 5/12 levels left

rFire   . . .        f - +3 quarterstaff (chaos)
rCold   . . .        (shield currently unavailable)
rNeg    . . .        a - +0 robe
rPois   .            (no helmet)
rElec   .            k - +0 cloak
rCorr   .            (no gloves)
SInv    +            (no boots)
Will    .....        (no amulet)
Stlth   ++           c - ring of see invisible
HPRegen 0.27/turn    (no ring)
MPRegen 0.12/turn

%: no passive effects
@: no status effects
A: (nimble swimmer 2), mertail
a: no special abilities


You were on level 3 of the Dungeon.
You visited 1 branch of the dungeon, and saw 4 of its levels.

You collected 309 gold pieces.

Inventory:

Hand Weapons
 e - a +1 dagger
 f - a +3 quarterstaff of chaos (weapon)
 q - a +1 dagger of draining
Armour
 a - a +0 robe (worn)
 k - a +0 cloak (worn)
Jewellery
 c - a ring of see invisible (left hand)
 h - a ring of fire
Scrolls
 g - a scroll of fog
 o - a scroll of fear
 p - a scroll of identify
Potions
 b - a potion of magic
 d - 3 potions of attraction
 i - a potion of lignification {unknown}
 j - a potion of cancellation {unknown}
 l - a potion of enlightenment {unknown}
 n - a potion of curing {unknown}


   Skills:
 + Level 1.1 Fighting
 + Level 3.3 Dodging
 - Level 2.1 Stealth
 + Level 3.5 Spellcasting
 + Level 5.7 Ice Magic
 * Level 3.4 Shapeshifting


You had 5 spell levels left.
You knew the following spells:

 Your Spells              Type           Power      Damage    Failure   Level
a - Frozen Ramparts       Ice            44%        1d7       4%          3
q - Freeze                Ice            88%        1d9       1%          1
z - Ozocubu's Armour      Ice            22%        N/A       4%          3

Your spell library contained the following spells:

 Spells                   Type           Power      Damage    Failure   Level
 Blink                    Tloc           6%         N/A       26%         2
 Lesser Beckoning         Tloc           6%         N/A       26%         2
 Momentum Strike          Conj/Tloc      6%         3d8       26%         2
 Summon Ice Beast         Ice/Summ       12%        N/A       45%         4


Dungeon Overview and Level Annotations

Branches:
Dungeon (4/15)
 Temple: D:4-7

Altars:
Dithmenos


Innate Abilities, Weirdness & Mutations

((You are very nimble when in or above water. (Stealth+, EV+, Speed+++)))
Your lower body shifts to a powerful aquatic tail in water.


Message History

Confirm with . or Enter, or press ? or * to list all spells.
Okay, then.
Casting: Ozocubu's Armour (dangerous; 4% risk of failure)
Confirm with . or Enter, or press ? or * to list all spells.
Aiming: Freeze (safe; 1% risk of failure)
Press: ? - help, Shift-Dir - straight line, f/p - phantom
Aim: a phantom (moderately damaged)
You freeze the phantom.
The phantom resists.
The phantom is moderately damaged.
The phantom hits you but does no damage.
Your magical contamination has completely faded away.
Casting: Freeze (safe; 1% risk of failure)
Confirm with . or Enter, or press ? or * to list all spells.
Aiming: Freeze (safe; 1% risk of failure)
Press: ? - help, Shift-Dir - straight line, f/p - phantom
Aim: a phantom (moderately damaged)
You freeze the phantom.
The phantom resists.
The phantom is moderately damaged.
The phantom hits you but does no damage.
Unknown command.
Unknown command.
The phantom barely misses you. The phantom attacks as it pursues you!
The phantom misses you.
You open the door. 3 wights come into view.
You hear the slow rusting of a very distant drain.
The phantom barely misses you.
A wight comes into view. It is wielding a +0 halberd.
The phantom attacks as it pursues you! The phantom hits you.
There is an open door here.
There is a stone staircase leading up here.
The wight hits you with a +3 flail.
* * * LOW HITPOINT WARNING * * *
The wight misses you. The phantom barely misses you.
You climb upwards.
There is a stone staircase leading down here.
The wight misses you. The wight attacks as it pursues you!
The wight closely misses you. The wight hits you with a +3 flail!
You die...

...............................).
..........................(......
..#############..................
#..# #####.###...###.#######
##.########..........## #.#
#..........###.###..####.######
#.########## #.##.............#
#.# ##.##.....##.####.## #.#
#..@................ #.#
#.z##.#...##.####.## #.#
#.W##.##.###.## #.# #.######
#.>##.#...#...# #.# #......#
#..##..#.#..#.# #.# ######.#
#..##.##.##...# #.# #.#
#............## #.# #.#
#.###.##.##..# #.# #.#
#..##....#.#.####.#


You could see a phantom and a wight.

Vanquished Creatures
  Crazy Yiuf (D:2)
  Jessica (D:2)
  6 gnolls (D:3)
  An adder (D:2)
  2 worms (D:3)
  3 dart slugs
  6 ball pythons
  4 endoplasms
  2 giant cockroaches (D:2)
  31 goblins
  31 hobgoblins
  4 quokkas
  5 bats
  4 frilled lizards
  12 kobolds
  4 rats
117 creatures vanquished.

Notes
Turn   | Place    | Note
-------+----------+-------------------------------------------
     0 | D:1      | CoinPitGoblin the Merfolk Ice Elementalist began the quest
                  | for the Orb.
     0 | D:1      | Reached XP level 1. HP: 13/13 MP: 3/3
   191 | D:1      | Upgraded the game from 0.31-a0-764-g8440623082 to
                  | 0.31-a0-799-g6bc09d010c
   342 | D:1      | Reached XP level 2. HP: 19/19 MP: 0/5
   531 | D:1      | Reached skill level 1 in Shapeshifting
  1369 | D:2      | Noticed Jessica
  1532 | D:2      | Reached XP level 3. HP: 24/24 MP: 4/6
  1784 | D:2      | Reached skill level 5 in Ice Magic
  1859 | D:2      | Killed Jessica
  1860 | D:2      | Reached XP level 4. HP: 22/30 MP: 3/7
  1946 | D:2      | Found a shadowy altar of Dithmenos.
  2300 | D:2      | Found a runed translucent door.
  2301 | D:2      | Noticed Crazy Yiuf
  2309 | D:2      | Killed Crazy Yiuf
  2693 | D:3      | Reached XP level 5. HP: 25/35 MP: 9/9
  3104 | D:3      | Learned a level 3 spell: Frozen Ramparts
  3108 | D:3      | Learned a level 3 spell: Ozocubu's Armour
  3537 | D:3      | Reached XP level 6. HP: 36/42 MP: 2/11
  3548 | D:3      | Reached skill level 1 in Fighting
  4451 | D:3      | Slain by a wight

Illustrated notes

Levels and vault maps discovered:
D:1:      psy_arrival_spokes, layout_basic, chequers_big_river,
          minmay_misc_feat_ornament, minmay_misc_feat_alley,
          hangedman_abyss_or_decor_stabs
D:2:      cheibrodos_greedy_goblins, layout_rooms, basic_altar,
          uniq_crazy_yiuf_cottage, uniq_jessica
D:3:      minmay_goblin_kobold_castle, layout_loops_ring, grunt_ministairs_7
D:4:      layout_loops_corners, grunt_qazlal_clouds, grunt_gozag_breadcrumbs,
          mainiacjoe_overflow_catwalk_spiral, cheibrodos_sewer_entry_drain,
          grunt_decor_mini_mirrors, uniq_edmund

Skill      XL: |  1  2  3  4  5  6 |
---------------+-------------------+-----
Shapeshifting  | 1 2 3 |  3.4
Dodging        | 3 |  3.3
Ice Magic      | 5 |  5.7
Spellcasting   | 3 |  3.5
Fighting       | 1 |  1.1
Stealth        | |  2.1

Action                     |  1- 3 |  4- 6 || total
---------------------------+-------+-------++-------
  Melee: Unarmed           |     2 |       ||     2
         Dagger            |    26 |     9 ||    35
         Tailslap          |     2 |       ||     2
         Quarterstaff      |       |    57 ||    57
         Punch             |       |     1 ||     1
   Cast: Freeze            |    40 |    68 ||   108
         Frozen Ramparts   |       |     7 ||     7
         Ozocubu's Armour  |       |     3 ||     3
    Use: Scroll            |     4 |     5 ||     9
         Potion            |       |     1 ||     1
   Stab: Sleeping          |     2 |     1 ||     3
         Distracted        |       |     1 ||     1
 Armour: Robe              |    21 |   110 ||   131
  Dodge: Dodged            |    41 |   104 ||   145

Table legend: (Time is in decaauts)
 A = Elapsed time spent in this place.
 B = Non-inter-level travel time spent in this place.
 C = Inter-level travel time spent in this place.
 D = Time resting spent in this place.
 E = Time spent auto-exploring this place.
 F = Levels seen in this place.
 G = Mean time per level.
                   A        B        C        D        E       F      G
               +--------+--------+--------+--------+--------+-----+--------+
         Total |   4369 |   4073 |    296 |    267 |   2989 |   4 | 1092.2 |
       Dungeon |   4369 |   4073 |    296 |    267 |   2989 |   4 | 1092.2 |
               +--------+--------+--------+--------+--------+-----+--------+

Top non-repeatable levels by time:
     D:3: 1816 daAuts
     D:2: 1249 daAuts
     D:1: 1227 daAuts
     D:4: 76 daAuts
